Unix NetHack Version 5.0.0-0 post-release - last build Jun 10 2026 00:39:30 (3ee93aec679c4c4259841fe613dc97188e26a321,branch:main).

Game began 2026-07-02 21:17:34, ended 2026-07-02 21:33:18.

ARFwashere, lawful male dwarven Archeologist

                              --------
               --------       |......|
              #.......|      #.......|
  -------   ###|......|      #|....>..#
  |.....|  ##  |......|     ##--------#
  |.(...-###0# .......| #####         #
  |.....| ##   |......|##             #  ##
  |..*..| #    |......|#              #  f
  |<....| #    ---.----#              #--i-------------
  |.....-##       #    #              #|.@............|
  -------         #    #              #-..............|
                  #    #               |..............|
                  #### #               |..............|
                     # #               ----------------
                 ----.-#
                 |....|#
                 |....|#
                 |.....#
                 ------

ARFwashere the Field Worker  St:13 Dx:11 Co:15 In:16 Wi:16 Ch:7  Lawful
Dlvl:4  $:48 HP:0(29) Pw:12(12) AC:8  Xp:3 T:1598 

Latest messages:
 What do you want to use or apply? [ae-iu or ?*] g
 What do you want to rub on the stone? [$y or ?*] y
 y - a worthless piece of yellowish brown glass.
 What do you want to drop? [$a-kpqsu-y or ?*] y
 You drop a worthless piece of yellowish brown glass.
 You see here a brown potion.
 You find a hidden door.
 z - a brown potion.
 In what direction? j
 The door opens.
 You climb up the stairs.
 You hear the chime of a cash register.
 You miss the green mold.
 You kill the green mold!
 You are splashed by the green mold's acid!
 You hit the homunculus!
 You knock the homunculus backward with a powerful blow!
 The homunculus bites!
 You are put to sleep by the homunculus!
 The homunculus bites!
 The kitten bites!
 The kitten bites!
 The homunculus bites!
 The kitten bites!
 The kitten bites!
 The combat suddenly awakens you.
 You swap places with your kitten.
 The kitten bites the homunculus.
 The kitten bites the homunculus.
 The homunculus bites the kitten.
 What do you want to drop? [$a-kpqsu-xz or ?*] x
 You drop an emerald ring.
 You hear some noises.
 Are you waiting to get hit?  Use 'm' prefix to force a no-op (to rest).
 You miss the homunculus.
 The homunculus bites!
 You are put to sleep by the homunculus!
 The homunculus bites!
 The homunculus bites!
 The kitten misses the homunculus.
 The kitten bites the homunculus.
 The homunculus bites the kitten.
 The homunculus bites!
 The homunculus bites!
 You die...
 Do you want your possessions identified? [ynq] (y) y
 Do you want to see your attributes? [ynq] (y) y
 Do you want an account of creatures vanquished? [ynaq] (y) y
 Do you want to see your conduct and achievements? [ynq] (y) y
 Do you want to see the dungeon overview? [ynq] (y) y

Inventory:
 Coins    ('$')
  $ - 48 gold pieces
 Weapons  (')')
  v - a +0 elven dagger
  a - a +2 bullwhip
 Armor    ('[')
  c - an uncursed +0 fedora (being worn)
  q - an uncursed +0 pair of water walking boots (being worn)
  b - an uncursed +0 leather jacket (being worn)
 Comestibles  ('%')
  d - 6 uncursed food rations
 Scrolls  ('?')
  j - an uncursed scroll of remove curse
  s - an uncursed scroll of teleportation
 Spellbooks  ('+')
  u - an uncursed spellbook of magic missile
 Potions  ('!')
  z - a cursed potion of fruit juice
  k - a blessed potion of healing
  p - an uncursed potion of object detection
  w - an uncursed potion of polymorph
 Tools    ('(')
  h - an empty uncursed sack
  e - a +0 pick-axe (weapon in right hand)
  i - an uncursed tin opener
  f - a tinning kit (0:98)
 Gems/Stones  ('*')
  g - an uncursed touchstone

ARFwashere the Archeologist's attributes:

Background:
 You were a Field Worker, a level 3 male dwarven Archeologist.
 You were lawful, nominally on a mission for Quetzalcoatl
 who was opposed by Camaxtli (neutral) and Huhetotl (chaotic).
 You were right-handed.
 You were in the Dungeons of Doom, on level 4.
 You entered the dungeon 1598 turns ago.
 There was a full moon in effect when your adventure ended.
 You had 56 experience points, 24 more were needed to attain level 4.

Basics:
 You had 0 out of 29 hit points.
 You had all 12 energy points (spell power).
 Your armor class was 8.
 Your wallet contained 48 zorkmids.
 Autopickup was on for '$' plus thrown.

Final Characteristics:
 Your strength was 13 (limit:18/100).
 Your dexterity was 11 (limit:20).
 Your constitution was 15 (limit:20).
 Your intelligence was 16 (limit:16).
 Your wisdom was 16 (limit:16).
 Your charisma was 7 (limit:16).

Final Status:
 You weren't hungry.
 You were unencumbered.
 You were wielding a pick-axe.
 You had basic skill with pick-axe.

Final Attributes:
 You were devoutly aligned.
 You had automatic searching.
 You had infravision.
 You could walk on water.
 You were lucky.
 You are dead.

Miscellaneous:
 You encountered 1 bones level.
 Total elapsed playing time was 15 minutes and 43 seconds.

Major events:
 Turn
    1: ARFwashere the lawful male dwarven Archeologist entered the dungeon
 1312: attained the rank of Field Worker (level 3)
 1598: killed by a homunculus, while sleeping

You didn't know any spells.

Skills:
 Fighting Skills
   bare handed combat [Unskilled]
   two weapon combat  [Unskilled]
   riding             [Unskilled]
 Weapon Skills
   dagger             [Unskilled]
   knife              [Unskilled]
   pick-axe           [Basic]
   short sword        [Unskilled]
   saber              [Unskilled]
   club               [Unskilled]
   quarterstaff       [Unskilled]
   sling              [Unskilled]
   dart               [Unskilled]
   boomerang          [Unskilled]
   whip               [Basic]
   unicorn horn       [Unskilled]
 Spellcasting Skills
   attack spells      [Unskilled]
   healing spells     [Unskilled]
   divination spells  [Unskilled]
   matter spells      [Unskilled]

Voluntary challenges:
 Character rerolling was not enabled.
 You were an atheist.
 You never genocided any monsters.
 You never polymorphed an object.
 You never changed form.
 You used no wishes.
Achievements:
 You entered a shop.
 You attained the rank of Field Worker.

 The Dungeons of Doom: levels 1 to 5
    Level 1:
       A fountain.
    Level 2:
       A scroll shop, many fountains.
    Level 3:
       Some fountains.
    Level 4: <- You were here.
       Final resting place for
          you, killed by a homunculus, while sleeping,
          Trystero-Wiz-Gno-Fem-Neu, killed by a homunculus, while sleeping.
    Level 5:


Vanquished creatures:
  a giant bat
 an acid blob
  2 hobbits
  2 giant rats
  a yellow mold
  a green mold
  a gecko
  3 jackals
  2 foxes
  a goblin
  2 sewer rats
  6 grid bugs
  4 lichens
  a kobold zombie
  3 newts
31 creatures vanquished.

No species were genocided or became extinct.

Game over:
                       ----------
                      /          \
                     /    REST    \
                    /      IN      \
                   /     PEACE      \
                  /                  \
                  |    ARFwashere    |
                  |      48 Au       |
                  |   killed by a    |
                  |    homunculus    |
                  |                  |
                  |                  |
                  |       2026       |
                 *|     *  *  *      | *
        _________)/\\_//(\/(/\)/\//\/|_)_______

Goodbye ARFwashere the Archeologist...

You died in The Dungeons of Doom on dungeon level 4 with 468 points,
and 48 pieces of gold, after 1598 moves.
You were level 3 with a maximum of 29 hit points when you died.

